 Dungeon Crawl Stone Soup version 0.30.1-11-g7821555f0a (webtiles) character file.

Game seed: 15629319296091058151

2388 Peloso the Carver (level 9, 0/80 HPs)
             Began as a Minotaur Fighter on Dec 8, 2023.
             Was a Believer of Okawaru.
             Slain by a killer bee (1 damage)
             ... on level 7 of the Dungeon.
             The game lasted 00:10:35 (5825 turns).

Peloso the Carver (Minotaur Fighter)                Turns: 5825, Time: 00:10:35

Health: 0/80       AC: 13    Str: 22    XL:     9   Next: 22%
Magic:  8/8        EV:  7    Int:  5    God:    Okawaru [**....]
Gold:   362        SH:  5    Dex: 13    Spells: 8/8 levels left

rFire   . . .        a - +0 scimitar
rCold   . . .        d - +0 buckler
rNeg    . . .        c - +0 plate armour
rPois   .            (helmet restricted)
rElec   .            (no cloak)
rCorr   .            (no gloves)
SInv    .            (no boots)
Will    .....        (no amulet) Stlth
                     (no ring)
HPRegen 0.33/turn    (no ring)
MPRegen 0.11/turn

%: no passive effects
@: lethally poisoned (0 -> -4)
A: horns 2, retaliatory headbutt
a: Renounce Religion, Heroism


You were on level 7 of the Dungeon.
You worshipped Okawaru.
Okawaru was pleased with you.
You visited 2 branches of the dungeon, and saw 8 of its levels.

You collected 362 gold pieces.

Inventory:

Hand Weapons
 a - a +0 scimitar (weapon)
 p - the +1 whip of Conflict {venom, Fly rCorr}
   (You found it on level 2 of the Dungeon)

   Fly:       It grants you flight.
   rCorr:     It protects you from acid and corrosion.
Armour
 b - a +0 scale mail
 c - a +0 plate armour (worn)
 d - a +0 buckler (worn)
Jewellery
 t - a ring of ice
 v - a ring of wizardry
 w - an amulet of regeneration
Wands
 e - a wand of light (6)
 i - a wand of iceblast (7)
 A - a wand of flame (15)
Scrolls
 g - a scroll of silence
 h - 4 scrolls of teleportation
 j - a scroll of blinking {unknown}
 l - a scroll of brand weapon
 q - a scroll of acquirement
 s - 2 scrolls of magic mapping {unknown}
 u - a scroll of enchant weapon {unknown}
 y - 2 scrolls of fog {unknown}
Potions
 f - 4 potions of might
 k - a potion of resistance
 m - a potion of attraction {unknown}
 n - 2 potions of lignification
 o - 3 potions of mutation
 r - a potion of brilliance
 x - 3 potions of curing
 z - 2 potions of magic {unknown}
 B - a potion of heal wounds {unknown}


   Skills:
 + Level 7.7 Fighting
 + Level 9.3 Long Blades
 + Level 8.5 Armour
 + Level 1.5 Dodging
 + Level 6.0 Shields
 + Level 0.2 Invocations
 + Level 1.4 Evocations


You had 8 spell levels left.
You didn't know any spells.
Your spell library contained the following spells:

 Spells                   Type           Power      Damage    Failure   Level
 Lesser Beckoning         Tloc           0%         N/A       100%        2
 Gell's Gravitas          Tloc           0%         N/A       100%        3
 Teleport Other           Tloc           0%         N/A       100%        3


Dungeon Overview and Level Annotations

Branches:
Dungeon (7/15)             Temple (1/1) D:5

Altars:
Ashenzari
Dithmenos
Fedhas
Hepliaklqana
Kikubaaqudgha
Okawaru
Ru
Uskayaw
Yredelemnul
Zin
The Shining One

Annotations:
D:6 2 transporters


Innate Abilities, Weirdness & Mutations

You have a pair of horns on your head.
You reflexively headbutt those who attack you in melee.


Message History

The killer bee is heavily wounded.
You feel sick.
The killer bee stings you but does no damage.
The killer bee stings you.
You are more poisoned.
The killer bee poisons you!
You closely miss the killer bee. You headbutt the killer bee.
The killer bee is severely wounded.
You feel sick. The killer bee stings you.
You are more poisoned.
The killer bee poisons you!
You closely miss the killer bee.
The killer bee is severely wounded.
You feel very sick. You block the killer bee's attack.
The killer bee stings you but does no damage.
You hit the killer bee but do no damage.
Your headbutt misses the killer bee.
The killer bee is severely wounded.
You feel very sick. You block the killer bee's attack.
The killer bee stings you but does no damage.
You miss the killer bee. Your headbutt misses the killer bee.
The killer bee is severely wounded.
You feel sick. You block the killer bee's attack. The killer bee stings you.
* * * LOW HITPOINT WARNING * * *
You closely miss the killer bee.
You headbutt the killer bee, but do no damage.
The killer bee is severely wounded.
You feel sick. The killer bee barely misses you. The killer bee stings you.
* * * LOW HITPOINT WARNING * * *
You closely miss the killer bee.
The killer bee is heavily wounded.
* * * LOW HITPOINT WARNING * * *
You feel sick. The killer bee barely misses you. You furiously retaliate!
You headbutt the killer bee!
You kill the killer bee!
Okawaru accepts your kill. The killer bee stings you.
You die...

... #...#.......#.##.... #.#
#...#.#####.#.####.. ...
#...#.#####.#.# #.. #####.#
#...#.##....#.# #.#
...(...#######...#.##+##.#.#
#.#
....................+_'..#.#
#.#
#####...........y...#+#....#
#.# ############y####...#.##
#.# #@# #####.# #.# #.....#
#.# #.# #####.# #.# #.. #.#
### #.# #.#


You could see 2 killer bees.

Vanquished Creatures
  Sigmund (D:3)
  A steam dragon (D:5)
  6 yaks (D:5)
  A water moccasin (D:5)
  A black bear (D:5)
  3 phantoms
  A kobold brigand (D:5)
  A bullfrog (D:6)
  A scorpion (D:5)
  A killer bee (D:7)
  A howler monkey (D:5)
  A jelly (D:4)
  A hound (D:5)
  2 orc priests
  2 iguanas
  Natasha (twice) (D:2)
  3 orc wizards (D:5)
  8 gnolls
  10 adders
  A shadow imp (D:5)
  3 ufetubi
  A dart slug (D:1)
  A worm (D:2)
  8 orcs
  7 ball pythons
  13 endoplasms
  A giant cockroach (D:2)
  11 hobgoblins
  3 jackals (D:2)
  2 quokkas (D:1)
  5 bats
  7 frilled lizards
  11 goblins
  13 kobolds
  7 rats
141 creatures vanquished.

Vanquished Creatures (others)
  An orc (D:6)
1 creature vanquished.

Grand Total: 142 creatures vanquished

Notes
Turn   | Place    | Note
-------+----------+-------------------------------------------
     0 | D:1      | Peloso the Minotaur Fighter began the quest for the Orb.
     0 | D:1      | Reached XP level 1. HP: 19/19 MP: 0/0
    89 | D:1      | Reached XP level 2. HP: 25/27 MP: 1/1
   281 | D:1      | Reached skill level 3 in Long Blades
   299 | D:1      | Reached XP level 3. HP: 33/33 MP: 2/2
   662 | D:2      | Noticed Natasha
   684 | D:2      | Killed Natasha
   685 | D:2      | Reached skill level 4 in Long Blades
   685 | D:2      | Reached XP level 4. HP: 28/41 MP: 3/3
   776 | D:2      | Identified the scarf of Poor Excuses {harm, rC+}
   943 | D:2      | Identified the +1 whip of Conflict {venom, Fly rCorr}
  1232 | D:2      | Noticed Natasha
  1242 | D:2      | Killed Natasha
  1427 | D:3      | Reached XP level 5. HP: 47/47 MP: 4/4
  1490 | D:3      | Noticed Sigmund
  1506 | D:3      | Killed Sigmund
  1507 | D:3      | Reached skill level 5 in Long Blades
  1507 | D:3      | Reached XP level 6. HP: 31/55 MP: 5/5
  1824 | D:4      | Reached skill level 5 in Armour
  1837 | D:4      | Reached skill level 6 in Long Blades
  1843 | D:4      | Reached skill level 5 in Fighting
  2003 | D:4      | Reached XP level 7. HP: 56/61 MP: 6/6
  2469 | D:4      | Identified a scroll of acquirement
  2490 | D:5      | Entered Level 5 of the Dungeon
  2539 | D:5      | Reached skill level 7 in Long Blades
  2562 | D:5      | Found a staircase to the Ecumenical Temple.
  2575 | Temple   | Entered the Ecumenical Temple
  2620 | Temple   | Became a worshipper of Warmaster Okawaru
  2686 | D:5      | Reached skill level 1 in Dodging
  3286 | D:5      | Reached skill level 5 in Shields
  3311 | D:5      | Reached XP level 8. HP: 41/71 MP: 7/7
  3691 | D:5      | Reached skill level 8 in Long Blades
  3870 | D:5      | Reached * piety under Okawaru
  4339 | D:5      | Reached skill level 9 in Long Blades
  4341 | D:5      | Reached XP level 9. HP: 14/79 MP: 8/8
  4706 | D:6      | Reached ** piety under Okawaru
  4713 | D:6      | Found a transporter.
  4718 | D:6      | Reached skill level 1 in Evocations
  4994 | D:6      | Found an ancient bone altar of Kikubaaqudgha.
  5135 | D:6      | Found a transporter.
  5765 | D:7      | Found a hide-covered altar of Uskayaw.
  5824 | D:7      | HP: 3/80 [killer bee (6)]
  5825 | D:7      | HP: 1/80 [poisoned by a killer bee]
  5825 | D:7      | Slain by a killer bee

Illustrated notes

Levels and vault maps discovered:
D:1:      ncdulo_smallfort, layout_rooms
D:2:      layout_loops_ring, serial_glass, glass_columns_b, glass_columns_a,
          glass_columns_a, glass_columns_b, glass_columns_b, glass_columns_a,
          glass_columns_a, glass_columns_c, minmay_misc_feat_plants,
          patterned_corridor, uniq_natasha
D:3:      layout_basic, uniq_sigmund
D:4:      layout_rooms
D:5:      layout_gridville, minmay_temple_entry_glass, kennysheep_potato
D:6:      gammafunk_cloud_chamber, layout_gridville, kiku_gazebo_pond_becter
D:7:      layout_basic, kennysheep_mini, hellmonk_no_cap
Temple:   nicolae_temple_superstar

Skill      XL: |  1  2  3  4  5  6  7  8  9 |
---------------+----------------------------+-----
Shields        | 4 5 6 |  6.0
Fighting       | 4 5 6 7 |  7.7
Armour         | 4 5 6 7 8 |  8.5
Long Blades    | 3 4 5 6 7 9 |  9.3
Dodging        | 1 |  1.5
Evocations     | 1 |  1.4
Invocations    | |  0.2

Action                     |  1- 3 |  4- 6 |  7- 9 || total
---------------------------+-------+-------+-------++-------
  Melee: Long sword        |    96 |   125 |   218 ||   439
         Headbutt          |    10 |    26 |    56 ||    92
         Scimitar          |       |       |    23 ||    23
 Invoke: Heroism           |       |       |     2 ||     2
  Evoke: Wand              |       |       |     8 ||     8
    Use: Potion            |     3 |       |     3 ||     6
         Scroll            |       |     5 |     4 ||     9
 Armour: Scale mail        |     7 |       |       ||     7
         Plate armour      |    59 |    74 |   158 ||   291
  Dodge: Dodged            |    37 |    35 |    83 ||   155
  Block: Buckler           |    27 |    18 |    82 ||   127
